 Dungeon Crawl Stone Soup version 0.26-b1-32-g5d43845318 (webtiles) character file.

Game seed: 12267602390046325271

74008 Yorgos the Blocker (level 15, -6/124 HPs)
             Began as a Formicid Fighter on Jan 11, 2021.
             Was the Champion of Cheibriados.
             Mangled by a 16-headed hydra (9 damage)
             ... on level 6 of the Lair of Beasts.
             The game lasted 00:34:15 (20068 turns).

Yorgos the Blocker (Formicid Fighter)              Turns: 20068, Time: 00:34:15

Health: -6/124     AC: 23    Str: 41    XL:     15   Next: 92%
Magic:  23/23      EV:  9    Int: 26    God:    Cheibriados [******]
Gold:   1578       SH: 22    Dex: 29    Spells: 14/14 levels left

rFire    . . .     SeeInvis +   a - +4 war axe of Mourning {vamp, Int+3 Dex+3}
rCold    . . .     Faith    .   c - +0 kite shield
rNeg     + . .     Spirit   .   u - +4 plate armour
rPois    .         Reflect  +   (helmet unavailable)
rElec    .         Harm     .   C - scarf {+Inv}
rCorr    .         Rampage  .   n - +0 pair of gloves
Will     +....                  B - +0 pair of boots
Stlth    ..........             A - amulet of reflection
HPRegen  0.30/turn              r - ring of positive energy
MPRegen  0.18/turn              (no ring)

@: very slow
A: permanent stasis, dig shafts and tunnels, four strong arms, antennae 3
a: Dig, Shaft Self, Renounce Religion, Evoke Invisibility, Bend Time, Temporal
Distortion, Slouch, Step From Time


You were on level 6 of the Lair of Beasts.
You worshipped Cheibriados.
Cheibriados was exalted by your worship.
You visited 3 branches of the dungeon, and saw 20 of its levels.

You collected 1578 gold pieces.

Inventory:

Hand Weapons
 a - the +4 war axe of Mourning (weapon) {vamp, Int+3 Dex+3}
   (You found it on level 4 of the Dungeon)

   It inflicts no extra harm, but heals its wielder when it wounds a living foe.
   It affects your intelligence (+3).
   It affects your dexterity (+3).
Missiles
 b - 120 bolts
 j - 665 stones (quivered)
 s - 346 arrows
 H - 153 sling bullets
 K - 58 poisoned darts
Armour
 c - a +0 kite shield (worn)
 n - a +0 pair of gloves (worn)
 u - a +4 plate armour (worn)
 B - a +0 pair of boots (worn)
 C - a scarf of invisibility (worn)
Jewellery
 r - a ring of positive energy (left hand)
 A - an amulet of reflection (around neck)
 N - an uncursed amulet of guardian spirit
 T - an uncursed ring of ice
 W - an uncursed ring of fire
Wands
 f - a wand of digging (8)
 h - a wand of disintegration (19)
 o - a wand of acid (11)
 w - a wand of enslavement (8)
 z - a wand of flame (75)
 P - a wand of paralysis (24)
 R - a wand of iceblast (14)
Scrolls
 q - 3 scrolls of immolation
 t - 9 scrolls of remove curse
 y - 7 scrolls of amnesia
 D - 2 scrolls of enchant weapon
 E - 2 scrolls of holy word
 F - 2 scrolls of enchant armour
 G - 2 scrolls of magic mapping
 M - 4 scrolls of fear
 S - a scroll of fog
 X - 2 scrolls of summoning
 Z - a scroll of vulnerability
Potions
 d - 3 potions of might
 e - 3 potions of heal wounds
 g - 3 potions of brilliance
 i - 9 potions of curing
 k - a potion of ambrosia {unknown}
 l - a potion of magic {unknown}
 m - a potion of cancellation
 p - 4 potions of lignification
 v - 4 potions of flight
 x - a potion of resistance
 I - a potion of mutation
 Y - a potion of invisibility


   Skills:
 + Level 13.3 Fighting
 + Level 12.1 Axes
 + Level 13.2 Armour
 + Level 14.2 Shields
 - Level 10.8 Invocations
 - Level 10.0 Evocations


You had 14 spell levels left.
You didn't know any spells.
Your spell library contained the following spells:

 Spells                   Type           Power        Failure   Level
 Corona                   Hex            0%           43%         1
 Magic Dart               Conj           0%           43%         1
 Call Imp                 Summ           0%           58%         2
 Ensorcelled Hibernation  Hex/Ice        0%           58%         2
 Slow                     Hex            0%           58%         2
 Confusing Touch          Hex            0%           82%         3
 Conjure Flame            Conj/Fire      0%           82%         3
 Dazzling Flash           Conj/Hex       0%           82%         3
 Mephitic Cloud           Conj/Pois/Air  0%           82%         3
 Tukima's Dance           Hex            0%           82%         3
 Cause Fear               Hex            0%           99%         4
 Silence                  Hex/Air        0%           100%        5
 Yara's Violent Unravell  Hex/Tmut       0%           100%        5
 Discord                  Hex            0%           100%        8
 Blink                    Tloc           Unusable     N/A         2

Dungeon Overview and Level Annotations

Branches:
Dungeon (13/15)            Temple (1/1) D:4            Lair (6/6) D:8
 Shoals (0/4) Lair:3       Spider (0/4) Lair:3        Slime (0/5) Lair:5
    Orc (0/2) D:9          Vaults (0/5) D:13

Altars:
Ashenzari
Cheibriados
Dithmenos
Elyvilon
Fedhas
Gozag
Hepliaklqana
Kikubaaqudgha
Makhleb
Nemelex Xobeh
Okawaru
Qazlal
Ru
Sif Muna
Trog
Uskayaw
Vehumet
Wu Jian
Xom
Yredelemnul
Zin
The Shining One

Annotations:
D:7 1 runed translucent door, emiel's ghost, amateur NaFi
Lair:6 1 runed translucent door


Innate Abilities, Weirdness & Mutations

You cannot be hasted, slowed, berserked, paralysed or teleported.
You can dig through walls and to a lower floor.
Your four strong arms can wield two-handed weapons with a shield.
You have a pair of large antennae on your head. (SInv)


Message History

The 15-headed hydra bites you!
* * * LOW HITPOINT WARNING * * *
You slice one of the 15-headed hydra's heads off!
The 14-headed hydra grows two more!
You hit the 16-headed hydra.
You feel better.
The 16-headed hydra is severely wounded.
You block the 16-headed hydra's attack. x5; The 16-headed hydra bites you!
* * * LOW HITPOINT WARNING * * *
The 16-headed hydra bites you but does no damage.
The 16-headed hydra bites you.
* * * LOW HITPOINT WARNING * * *
The 16-headed hydra completely misses you.
The 16-headed hydra bites you but does no damage.
The 16-headed hydra barely misses you. The 16-headed hydra misses you.
The 16-headed hydra bites you but does no damage.
The 16-headed hydra bites you.
* * * LOW HITPOINT WARNING * * *
The 16-headed hydra bites you but does no damage.
The 16-headed hydra bites you!
You die...

#............
##.....#..#...
##.............
...............
...............
........... .
#.D†$.# ..# #.†@#.#
..# #....###..##
##..P......# {
#........#####...PP
{{{
##.......##.#.....P
{
##................
##...............
#...............
##.††.P#P.......


You could see a 16-headed hydra (corroded).

Vanquished Creatures
  Gastronok (D:12)
  A war gargoyle (D:13)
  A fire dragon (D:13)
  Josephine (D:12)
  An ettin (D:13)
  Snorg (Lair:5)
  Erolcha (D:10)
  Fannar (D:12)
  A catoblepas (Lair:3)
  A boulder beetle (Lair:6)
  3 hydras
  4 two-headed ogres
  5 centaur warriors (D:13)
  2 dancing weapons (D:13)
  10 death yaks (Lair:4)
  A queen ant (Lair:3)
  6 unseen horrors
  A deep elf mage (D:13)
  An orc knight (D:13)
  A harpy (D:13)
  A lindwurm (Lair:6)
  An oklob plant (Lair:5)
  2 ugly things (D:12)
  4 cyclopes
  A centaur zombie (D:10)
  3 manticores
  2 black mambas
  Joseph (D:7)
  8 cane toads
  5 torpor snails (Lair:6)
  14 komodo dragons
  A kobold demonologist (D:12)
  A polar bear (Lair:1)
  A wind drake (Lair:3)
  2 trolls
  A hornet (shapeshifter) (D:13)
  4 tyrant leeches (Lair:6)
  18 dream sheep (Lair:4)
  9 hornets
  14 blink frogs
  A redback (D:13)
  A tarantella (Lair:3)
  A centaur simulacrum (D:13)
  A shadow (D:12)
  A vampire (D:13)
  4 basilisks
  31 yaks
  4 wraiths (D:12)
  3 steam dragons
  8 wyverns
  9 water moccasins
  4 acid dragons
  16 soldier ants
  5 sky beasts
  3 black bears
  4 ice beasts
  18 orc warriors
  5 phantoms
  2 necrophages
  13 ogres
  A tengu (shapeshifter) (D:13)
  7 wolves
  2 centaurs
  6 big kobolds
  19 bullfrogs
  4 gnoll sergeants (D:9)
  A wyvern zombie (D:11)
  6 scorpions
  A wyvern skeleton (D:11)
  9 killer bees (D:10)
  A wight (D:13)
  6 howler monkeys
  A vampire bat (D:9)
  2 electric eels
  4 bullfrog zombies
  10 hounds
  A gnoll shaman (D:7)
  3 jellies
  11 orc priests
  4 centaur skeletons
  6 orc wizards
  2 bullfrog skeletons
  Ijyb (D:5)
  An iguana (D:13)
  44 worker ants
  2 hound skeletons
  4 worker ant zombies
  8 gnolls
  11 adders
  A shadow imp (D:6)
  3 white imps
  An ufetubus (D:5)
  4 oozes
  4 adder skeletons
  4 worms
  A dart slug (D:3)
  4 leopard geckos
  51 orcs
  2 bat skeletons (D:9)
  3 bat zombies (D:9)
  8 giant cockroaches
  11 goblins
  10 hobgoblins
  18 jackals
  18 kobolds
  3 quokkas
  2 ball pythons
  A ball python skeleton (D:4)
  A ball python zombie (D:5)
  8 bats
  8 frilled lizards
  2 leopard gecko skeletons (D:8)
  A quokka zombie (D:6)
  6 rats
624 creatures vanquished.

Vanquished Creatures (others)
  An orc wizard (D:3)
  An orc (D:12)
  33 fungi
  48 plants
83 creatures vanquished.

Grand Total: 707 creatures vanquished

Notes
Turn   | Place    | Note
-------+----------+-------------------------------------------
     0 | D:1      | Yorgos the Formicid Fighter began the quest for the Orb.
     0 | D:1      | Reached XP level 1. HP: 18/18 MP: 1/1
   187 | D:1      | Found a white marble altar of Elyvilon.
   189 | D:1      | Reached XP level 2. HP: 23/24 MP: 2/2
   422 | D:1      | Reached skill level 4 in Shields
   422 | D:1      | Reached XP level 3. HP: 29/29 MP: 3/3
   779 | D:2      | Reached XP level 4. HP: 37/37 MP: 4/4
  1489 | D:3      | Found a white marble altar of Elyvilon.
  1501 | D:3      | Reached XP level 5. HP: 31/42 MP: 5/5
  1974 | D:3      | Reached XP level 6. HP: 49/49 MP: 6/6
  2123 | D:3      | Reached skill level 5 in Shields
  2586 | D:4      | Reached XP level 7. HP: 55/55 MP: 7/7
  2704 | D:4      | Found a snail-covered altar of Cheibriados.
  2714 | D:4      | Found a stormy altar of Qazlal.
  2760 | D:4      | Reached skill level 5 in Fighting
  2795 | D:4      | Found a staircase to the Ecumenical Temple.
  2856 | D:4      | Found a basalt altar of Yredelemnul.
  2877 | D:4      | Noticed a profane servitor
  2879 | D:4      | Reached skill level 5 in Armour
  2926 | D:4      | Found a glowing golden altar of the Shining One.
  2928 | D:4      | Noticed an angel
  3092 | D:4      | Reached skill level 6 in Shields
  3433 | D:4      | Got a crystal war axe
  3433 | D:4      | Identified the +4 war axe of Mourning {vamp, Int+3 Dex+3}
                  | (You found it on level 4 of the Dungeon)
  3480 | D:4      | Reached XP level 8. HP: 59/63 MP: 8/8
  3610 | D:4      | Found a glowing golden altar of the Shining One.
  4275 | Temple   | Entered the Ecumenical Temple
  4404 | D:4      | Became a worshipper of Cheibriados the Contemplative
  4437 | D:5      | Entered Level 5 of the Dungeon
  4575 | D:5      | Found an ornate altar of the Wu Jian Council.
  4593 | D:5      | Found a stormy altar of Qazlal.
  4875 | D:5      | Noticed Ijyb
  4886 | D:5      | Killed Ijyb
  5476 | D:6      | Reached skill level 5 in Axes
  5666 | D:6      | Reached * piety under Cheibriados
  5808 | D:6      | Reached skill level 7 in Shields
  6215 | D:6      | Reached XP level 9. HP: 68/71 MP: 9/9
  6241 | D:7      | Found a runed translucent door.
  6499 | D:7      | Reached ** piety under Cheibriados
  6581 | D:7      | Reached skill level 8 in Shields
  6623 | D:7      | Noticed Joseph
  6635 | D:7      | Killed Joseph
  6724 | D:7      | Noticed emiel's ghost (amateur NaFi)
  6920 | D:8      | Reached XP level 10. HP: 80/80 MP: 10/10
  6935 | D:8      | Reached *** piety under Cheibriados
  7097 | D:8      | Reached skill level 9 in Shields
  7097 | D:8      | Reached skill level 1 in Invocations
  7097 | D:8      | Reached skill level 1 in Evocations
  7192 | D:8      | Noticed a komodo dragon
  7199 | D:8      | Killed a komodo dragon
  7199 | D:8      | Noticed a komodo dragon
  7205 | D:8      | You fall into a shaft and drop 1 floor!
  7205 | D:9      | Found a broken altar of Ashenzari.
  7205 | D:9      | Found a sparkling altar of Nemelex Xobeh.
  7205 | D:9      | Found a shimmering blue altar of Sif Muna.
  7205 | D:9      | Noticed a two-headed ogre
  7216 | D:9      | Killed a two-headed ogre
  7625 | D:9      | Reached **** piety under Cheibriados
  7626 | D:9      | Reached XP level 11. HP: 79/87 MP: 13/13
  7705 | D:9      | Found a staircase to the Orcish Mines.
  7783 | D:9      | Reached skill level 10 in Shields
  7874 | D:9      | Found an ancient bone altar of Kikubaaqudgha.
  8053 | D:8      | Noticed an unseen horror
  8057 | D:8      | Killed an unseen horror
  8263 | D:8      | Found a staircase to the Lair.
  8286 | D:8      | You fall into a shaft and drop 3 floors!
  8286 | D:11     | Noticed a cyclops
  8302 | D:11     | Killed a cyclops
  8384 | D:11     | Noticed an unseen horror
  8385 | D:11     | Noticed an unseen horror
  8387 | D:11     | Noticed an unseen horror
  8396 | D:11     | Noticed a manticore
  8397 | D:11     | Killed an unseen horror
  8397 | D:11     | Reached ***** piety under Cheibriados
  8398 | D:11     | Reached skill level 5 in Invocations
  8403 | D:11     | Killed an unseen horror
  8407 | D:11     | Killed an unseen horror
  8408 | D:11     | Reached skill level 5 in Evocations
  8422 | D:11     | Killed a manticore
  8446 | D:11     | Reached XP level 12. HP: 97/97 MP: 16/16
  8712 | D:11     | Reached skill level 10 in Fighting
  9298 | D:10     | Entered Level 10 of the Dungeon
  9329 | D:10     | Reached skill level 10 in Armour
  9457 | D:10     | Noticed Erolcha
  9476 | D:10     | Killed Erolcha
  9477 | D:10     | Reached skill level 11 in Shields
  9653 | D:10     | Reached ****** piety under Cheibriados
  9661 | D:10     | Noticed a two-headed ogre
  9676 | D:10     | Killed a two-headed ogre
 10091 | D:12     | Noticed a six-headed hydra
 10126 | D:12     | Noticed an unseen horror
 10135 | D:12     | Killed an unseen horror
 10283 | D:12     | You fall into a shaft and drop 1 floor!
 10575 | D:13     | Noticed a +5 long sword
 10587 | D:13     | Killed a +5 long sword
 10628 | D:13     | Found a gate to the Vaults.
 10628 | D:13     | Noticed a +7 long sword
 10634 | D:13     | Killed a +7 long sword
 10899 | D:13     | Noticed a centaur warrior
 10907 | D:13     | Killed a centaur warrior
 10908 | D:13     | Reached XP level 13. HP: 104/104 MP: 18/18
 10946 | D:13     | Noticed a centaur warrior
 10950 | D:13     | Killed a centaur warrior
 11744 | D:13     | Noticed a centaur warrior
 11748 | D:13     | Killed a centaur warrior
 11749 | D:13     | Reached skill level 10 in Axes
 11903 | D:13     | Reached skill level 12 in Shields
 11977 | D:13     | Noticed a centaur warrior
 11986 | D:13     | Killed a centaur warrior
 12095 | D:13     | Noticed a centaur warrior
 12097 | D:13     | Noticed a fire dragon
 12121 | D:13     | Killed a centaur warrior
 12122 | D:13     | Noticed an ettin
 12136 | D:13     | Killed an ettin
 12205 | D:13     | Noticed a war gargoyle
 12209 | D:13     | Killed a war gargoyle
 12252 | D:13     | Killed a fire dragon
 12568 | D:12     | Noticed Josephine
 12580 | D:12     | Killed Josephine
 12581 | D:12     | Reached XP level 14. HP: 57/113 MP: 20/20
 12944 | D:12     | Noticed Fannar
 12979 | D:12     | Killed Fannar
 13002 | D:12     | Noticed Gastronok
 13019 | D:12     | Killed Gastronok
 13920 | Lair:1   | Entered Level 1 of the Lair of Beasts
 14490 | Lair:1   | Reached skill level 10 in Invocations
 14910 | Lair:2   | Reached skill level 13 in Shields
 16363 | Lair:3   | Found a staircase to the Shoals.
 17277 | Lair:3   | Found a hole to the Spider Nest.
 17479 | Lair:4   | Reached XP level 15. HP: 93/122 MP: 22/22
 17555 | Lair:4   | Found a glowing silver altar of Zin.
 17593 | Lair:4   | Reached skill level 10 in Evocations
 18496 | Lair:5   | Found a staircase to the Slime Pits.
 19054 | Lair:5   | Reached skill level 14 in Shields
 19288 | Lair:5   | Noticed Snorg
 19301 | Lair:5   | Killed Snorg
 19537 | Lair:6   | Entered Level 6 of the Lair of Beasts
 19929 | Lair:6   | Found a runed translucent door.
 20068 | Lair:6   | HP: 4/124 [16-headed hydra (5)]
 20068 | Lair:6   | Mangled by a 16-headed hydra

Illustrated notes

Levels and vault maps discovered:
D:1:      dpeg_arrival_fog, layout_basic, minmay_hexomino_r4
D:2:      layout_rooms, minmay_statues_item
D:3:      layout_loops_ring, elyvilon_altar_5
D:4:      layout_layer_cave, grunt_temple_overflow_holy_war,
          general_overflow_altar, nicolae_qazlal_general_emergency,
          minmay_temple_entry_glassed_door, nicolae_tso_swordbearing_angel
D:5:      layout_layer_cave, kennysheep_little_box, basic_altar, uniq_ijyb
D:6:      layout_gridville
D:7:      layout_cave_pools, ebering_ghost_reflecting_pool, uniq_joseph
D:8:      layout_basic, erik_lair_dragon, grunt_ministairs_14
D:9:      cheibrodos_steamvent, layout_basic, grunt_temple_overflow_open,
          kennysheep_vampire_church, kennysheep_orc_monster_closet_entryway
D:10:     layout_small_grid, uniq_erolcha
D:11:     layout_cave_pods, special_room [special_room_orc],
          corexii_checkpoint_b
D:12:     layout_layer_cave, minivault_1, uniq_gastronok, uniq_fannar,
          uniq_josephine
D:13:     minmay_nested_s, layout_layer_cave, erik_vaults_1
Temple:   dshaligram_water_room_temple
Lair:1:   layout_cave_pods, minmay_holes
Lair:2:   layout_cellular_growth, grunt_forest_small_clearing_treed,
          grunt_megastairs_2, serial_bayou_shore_b, serial_bayou_shore_a
Lair:3:   layout_regular_city, minmay_shoals_entry_beasts,
          spider_nest_entry_rubble, serial_bayou, serial_bayou_pond_a,
          serial_bayou_shore_b, serial_bayou_pond_d, serial_bayou_crossing,
          chequers_serial_rivers_micro_e, zaba_anthell
Lair:4:   layout_roguey, basic_altar
Lair:5:   layout_gridlike, slime_dummy, uniq_snorg
Lair:6:   wormcave, layout_small_grid, hangedman_lair_in_review,
          grunt_forest_large_clearings

Skill      XL: |  1  2  3  4  5  6  7  8  9 10 11 12 13 14 15 |
---------------+----------------------------------------------+-----
Shields        | 4 5 6 7 8 9 10 11 12 13 14 | 14.2
Fighting       | 4 5 6 7 8 9 10 11 12 13 | 13.3
Armour         | 4 5 6 7 8 9 10 11 12 13 | 13.2
Axes           | 3 4 5 6 7 8 9 10 11 12 | 12.1
Invocations    | 3 5 7 9 10 | 10.8
Evocations     | 3 5 6 8 9 10 | 10.0

Action                   |  1- 3 |  4- 6 |  7- 9 | 10-12 | 13-15 || total
-------------------------+-------+-------+-------+-------+-------++-------
Melee: War axe           |   100 |   220 |   311 |   535 |  1002 ||  2168
Throw: Throwing net      |       |       |       |     1 |       ||     1
Invok: Bend Time         |       |       |       |       |     1 ||     1
 Abil: Dig               |       |     1 |     2 |     9 |     9 ||    21
       Shaft Self        |       |       |       |     3 |       ||     3
Evoke: Wand              |       |       |       |       |     4 ||     4
  Use: Scroll            |       |       |    11 |     7 |    13 ||    31
       Potion            |       |       |     1 |       |     3 ||     4
Armor: Scale mail        |     3 |       |       |       |       ||     3
       Chain mail        |    44 |    11 |       |       |       ||    55
       Plate armour      |       |   145 |   127 |   213 |   407 ||   892
Dodge: Dodged            |    34 |    48 |    49 |   116 |   248 ||   495
Block: Kite shield       |    55 |   115 |   239 |   589 |  1038 ||  2036
       Reflection        |       |       |    10 |    15 |    19 ||    44
